 Dungeon Crawl Stone Soup version 0.22-a0-409-gb855193 (webtiles) character file.

2589 JeffiDaFish the Thaumaturge (level 9, -3/62 HPs)
             Began as a Purple Draconian Fire Elementalist on May 10, 2018.
             Was an Initiate of Sif Muna.
             Slain by a purple ugly thing (9 damage)
             ... on level 8 of the Dungeon.
             The game lasted 00:30:10 (7121 turns).

JeffiDaFish the Thaumaturge (DrFE)                  Turns: 7121, Time: 00:30:11

Health: -3/62      AC:  8    Str: 12    XL:     9   Next: 33%
Magic:  6/21       EV: 12    Int: 18    God:    Sif Muna [......]
Gold:   481        SH:  0    Dex: 11    Spells: 11/24 levels left

rFire    . . .     SeeInvis .   f - +2 spear (vamp)
rCold    . . .     Gourm    +   (no shield)
rNeg     . . .     Faith    .   (armour unavailable)
rPois    .         Spirit   .   (helmet restricted)
rElec    .         Reflect  .   (no cloak)
rCorr    .         Harm     .   m - +0 pair of gloves
MR       +....                  (no boots)
Stlth    ++........             n - amulet of the gourmand
HPRegen  0.20/turn              (no ring)
MPRegen  0.17/turn              (no ring)

@: very slightly contaminated
A: breathe power, unfitting armour, cold-blooded, AC +7
a: Breathe Dispelling Energy, Renounce Religion


You were on level 8 of the Dungeon.
You worshipped Sif Muna.
Sif Muna was noncommittal.
You were not hungry.

You visited 2 branches of the dungeon, and saw 9 of its levels.

You collected 481 gold pieces.

Inventory:

Hand Weapons
 c - a +0 dagger
 f - a +2 vampiric spear (weapon)
Armour
 j - a +0 buckler
 m - a +0 pair of gloves (worn)
Jewellery
 n - an amulet of the gourmand (around neck)
Scrolls
 a - 2 scrolls of identify
 g - 5 scrolls of amnesia
 h - a scroll of magic mapping
 l - 2 scrolls of remove curse
 o - a scroll of fog
Potions
 d - a potion of brilliance
 e - 5 potions of flight
 i - a potion of curing
 k - a potion of agility
 p - a potion of heal wounds
Comestibles
 b - 14 rations


   Skills:
 - Level 2.0 Dodging
 - Level 1.7 Stealth
 + Level 3.5 Shields
 * Level 8.4 Spellcasting
 + Level 5.8 Conjurations
 * Level 8.2 Fire Magic


You had 11 spell levels left.
You knew the following spells:

 Your Spells              Type           Power        Failure   Level  Hunger
a - Flame Tongue          Conj/Fire      ####.        1%          1    None
b - Conjure Flame         Conj/Fire      ####....     1%          3    None
c - Sticky Flame          Conj/Fire      ####....     5%          4    ###....
d - Fireball              Conj/Fire      ####......   14%         5    #####..


Dungeon Overview and Level Annotations

Branches:
Dungeon (8/15)             Temple (1/1) D:7
   Lair: D:8-11

Altars:
Cheibriados
Dithmenos
Fedhas
Gozag
Kikubaaqudgha
Nemelex Xobeh
Okawaru
Qazlal
Sif Muna
Trog
Wu Jian
Xom

Shops:
D:7 (


Innate Abilities, Weirdness & Mutations

You can breathe bolts of dispelling energy.
Your rich purple scales are hard. (AC +7)
You cannot fit into any form of body armour.
You are cold-blooded and may be slowed by cold attacks.


Message History

Confirm with . or Enter, or press ? or * to list all spells.
Aiming: Sticky Flame (safe; 5% risk of failure)
Press: ? - help, Shift-Dir - straight line, f/p - purple ugly thing
Aim: a purple ugly thing (lightly wounded, covered in liquid flames)
The sticky flame hits the purple ugly thing.
The purple ugly thing is lightly wounded.
The purple ugly thing is covered in liquid flames!
You hear the hiss of a distant avalanche of sand.
The purple ugly thing burns!
The sky beast hits you. The sky beast shocks you.
The purple ugly thing bites you!
You hit the purple ugly thing but do no damage.
The purple ugly thing is moderately wounded.
The purple ugly thing burns!
The sky beast barely misses you. The purple ugly thing bites you!!
* * * LOW HITPOINT WARNING * * *
The purple ugly thing burns!
The purple ugly thing burns!
The sky beast hits you but does no damage.
The purple ugly thing burns!
The purple ugly thing bites you!
You die...

##.(## ##..##
##..## ##..####
#..## ##>...##
..##
###......### ###
##..........##
.##
###.............
..##
#...............
...#
##..............
...#
##...@.........
..##
##...u........
..#
##..Y........
.## #...........
.# #....†......
## #..####..#...
# #..# ### .. #
#.## ..


You could see a purple ugly thing (burning) and a sky beast.

Vanquished Creatures
  A water moccasin (D:7)
  An ice beast (D:7)
  5 sky beasts
  A black bear (D:6)
  A necrophage (D:7)
  2 phantoms
  An ogre (D:4)
  A centaur (D:7)
  2 bullfrogs (D:7)
  A scorpion (D:7)
  7 howler monkeys
  3 crimson imps
  A bullfrog zombie (D:8)
  A bullfrog skeleton (D:7)
  2 hounds
  A jelly (D:5)
  A centaur skeleton (D:6)
  4 orc wizards
  Jessica (D:3)
  5 iguanas
  5 worker ants
  A hound zombie (D:6)
  A hound skeleton (D:4)
  2 worker ant zombies (D:5)
  15 adders
  A shadow imp (D:6)
  An ooze (D:4)
  2 adder skeletons
  2 worms
  A dart slug (D:2)
  4 leopard geckos
  15 orcs
  5 giant cockroaches
  7 hobgoblins
  A jackal (D:3)
  3 quokkas
  3 ball pythons
  A ball python zombie (D:5)
  11 bats
  8 frilled lizards
  10 goblins
  A jackal skeleton (D:5)
  5 kobolds
  6 rats
153 creatures vanquished.

Notes
Turn   | Place    | Note
-------+----------+-------------------------------------------
     0 | D:1      | JeffiDaFish the Draconian Fire Elementalist began the quest for the Orb.
     0 | D:1      | Reached XP level 1. HP: 14/14 MP: 3/3
   322 | D:1      | Reached XP level 2. HP: 18/20 MP: 0/5
   711 | D:1      | Found a stormy altar of Qazlal.
   713 | D:1      | Found a hide-covered altar of Uskayaw.
   713 | D:1      | Found a shimmering altar of Xom.
   715 | D:1      | Found a shadowy altar of Dithmenos.
   715 | D:1      | Found a sacrificial altar of Ru.
   715 | D:1      | Found a shimmering altar of Xom.
   844 | D:2      | Reached XP level 3. HP: 21/26 MP: 0/6
   953 | D:2      | Learned a level 3 spell: Conjure Flame
  1424 | D:2      | Reached XP level 4. HP: 5/33 MP: 1/8
  2041 | D:3      | Learned a level 4 spell: Sticky Flame
  2128 | D:3      | Found a faded altar of an unknown god.
  2305 | D:3      | Noticed Jessica
  2318 | D:3      | Killed Jessica
  2573 | D:3      | Noticed a sky beast
  2584 | D:3      | Killed a sky beast
  2584 | D:3      | Reached XP level 5. HP: 35/38 MP: 2/10
  2743 | D:3      | Reached XP level 6. HP: 45/45 MP: 11/11
  3377 | D:4      | Reached skill level 5 in Fire Magic
  3561 | D:4      | Your scales start taking on a rich purple colour.
  3561 | D:4      | Reached skill level 5 in Spellcasting
  3561 | D:4      | Reached XP level 7. HP: 42/50 MP: 9/14
  4221 | D:4      | Found a shadowy altar of Dithmenos.
  4250 | D:4      | Learned a level 5 spell: Fireball
  4363 | D:5      | Entered Level 5 of the Dungeon
  5160 | D:6      | Reached skill level 1 in Shields
  5160 | D:6      | Reached XP level 8. HP: 57/57 MP: 12/17
  5271 | D:6      | Found a bloodstained altar of Trog.
  5280 | D:6      | Found a shimmering altar of Xom.
  5281 | D:6      | Found a sparkling altar of Nemelex Xobeh.
  5594 | D:7      | Reached skill level 5 in Conjurations
  5708 | D:7      | Found Emoikkoz's Weapon Emporium.
  6049 | D:7      | Reached XP level 9. HP: 24/62 MP: 0/20
  6486 | D:7      | Found a staircase to the Ecumenical Temple.
  6558 | Temple   | Entered the Ecumenical Temple
  6564 | Temple   | Became a worshipper of Sif Muna the Loreminder
  7108 | D:8      | Noticed a purple ugly thing
  7121 | D:8      | Slain by a purple ugly thing

Vault maps used:
D:1:      roderic_crop_circles_arrival_small, doesnt_xom_only_xom
D:3:      first_ration, chequers_ecumenical_altar_island,
          minmay_misc_feat_alley, minmay_joined_circles, uniq_jessica
D:4:      nicolae_dithmenos_through_a_glass_darkly
D:6:      gammafunk_temple_overflow_forgotten
D:7:      temple_doors_cd, serial_shops, nicolae_shop_window_shopping
D:8:      nicolae_ossuary_entry_false_entrances
Temple:   eino_narrow_crystal_temple

Skill      XL: |  1  2  3  4  5  6  7  8  9 |
---------------+----------------------------+-----
Dodging        | 2 |  2.0
Spellcasting   | 3 5 6 7 8 |  8.4
Conjurations   | 2 3 4 5 |  5.8
Fire Magic     | 4 5 6 7 8 |  8.2
Shields        | 1 3 |  3.5
Stealth        | |  1.7

Action                   |  1- 3 |  4- 6 |  7- 9 || total
-------------------------+-------+-------+-------++-------
Melee: Unarmed           |     7 |       |       ||     7
       Tailslap          |     3 |     5 |    36 ||    44
       Dagger            |    23 |       |       ||    23
       Spear             |    22 |   164 |   412 ||   598
 Cast: Flame Tongue      |    54 |    22 |    64 ||   140
       Conjure Flame     |       |     5 |     7 ||    12
       Sticky Flame      |       |     5 |    20 ||    25
  Use: Scroll            |     4 |     4 |     4 ||    12
       Potion            |     1 |     8 |     4 ||    13
 Stab: Sleeping          |     1 |     6 |     6 ||    13
  Eat: Ration            |     2 |       |       ||     2
       Chunk             |     1 |     7 |    21 ||    29
Armor: Skin              |    24 |    32 |   128 ||   184
Dodge: Dodged            |    62 |    64 |   211 ||   337

Table legend:
 A = Spawn XP
 B = Non-spawn XP
 C = Spawn XP percentage of total XP
 D = Spawn monster count
 E = Non-spawn monster count
 F = Spawn count percentage of total count
 G = Total turns spent on level
                    A         B        C        D         E        F      G
               +---------+---------+-------+---------+---------+-------+---------
         Total |       0 |    3699 |   0.0 |       0 |     153 |   0.0 |  7121
               +---------+---------+-------+---------+---------+-------+---------
           D:1 |       0 |      20 |   0.0 |       0 |      13 |   0.0 |   739
           D:2 |       0 |      77 |   0.0 |       0 |      24 |   0.0 |  1241
           D:3 |       0 |     296 |   0.0 |       0 |      35 |   0.0 |  1091
           D:4 |       0 |     441 |   0.0 |       0 |      29 |   0.0 |  1292
           D:5 |       0 |     408 |   0.0 |       0 |      13 |   0.0 |   558
           D:6 |       0 |     449 |   0.0 |       0 |      10 |   0.0 |   654
           D:7 |       0 |    1660 |   0.0 |       0 |      23 |   0.0 |  1286
           D:8 |       0 |     348 |   0.0 |       0 |       6 |   0.0 |   247
               +---------+---------+-------+---------+---------+-------+---------
